 Dungeon Crawl Stone Soup version 0.31-a0-810-ga77100ea1a (webtiles) character file.

Game seed: 7645231436826582362

7922 Valiant the Basher (level 11, -3/97 HPs)
             Began as a Minotaur Berserker on Sept 21, 2023.
             Was an Elder of Trog.
             Shot with an arrow by a centaur warrior (26 damage)
             ... on level 12 of the Dungeon on Sept 22, 2023.
             The game lasted 01:05:43 (8433 turns).

Valiant the Basher (Minotaur Berserker)             Turns: 8433, Time: 01:05:43

Health: -3/97      AC:  9    Str: 26    XL:     11   Next: 3%
Magic:  10/10      EV: 15    Int:  8    God:    Trog [****..]
Gold:   693        SH:  4    Dex: 14    Spells: 10/10 levels left

rFire   + . .        r - +5 glaive of the Guard {elec, spectral}
rCold   . . .        (shield currently unavailable)
rNeg    . . .        k - +1 troll leather armour {Pargi}
rPois   +            l - +1 hat
rElec   .            C - +1 cloak {rPois}
rCorr   .            N - +0 pair of gloves
SInv    .            (no boots)
Will    .....        (no amulet)
Stlth   ++           t - +6 ring of dexterity
HPRegen 1.16/turn    b - ring of protection from fire
MPRegen 0.12/turn

%: no passive effects
@: no status effects
A: horns 2, retaliatory headbutt, large bone plates 1, clever 1
a: Renounce Religion, Berserk, Trog's Hand, Brothers in Arms


You were on level 12 of the Dungeon.
You worshipped Trog.
Trog was greatly pleased with you.
You visited 1 branch of the dungeon, and saw 10 of its levels.
You also visited: Ossuary.

You collected 693 gold pieces.

Inventory:

Hand Weapons
 h - a +5 scimitar
 r - the +5 glaive of the Guard (weapon) {elec, spectral}
   (Trog gifted it to you on level 12 of the Dungeon)
 s - the +7 dire flail "Reiv" {heavy, rElec Str+2 Dex-5}
   (You took it off an ogre on level 3 of the Dungeon)

   Str+2:     It affects your strength (+2).
   Dex-5:     It affects your dexterity (-5).
   rElec:     It insulates you from electricity.
 D - a +4 quarterstaff of chaos
 H - a +0 whip of flaming
 J - a +2 vampiric spear
 O - a +2 flail of protection
 Q - a +0 orcbow
 R - a +3 scimitar
 T - a +3 battleaxe
Missiles
 K - 2 throwing nets
Armour
 k - a +1 troll leather armour (worn) {Pargi}
 l - a +1 hat (worn)
 C - a +1 cloak of poison resistance (worn)
 I - a +2 robe of willpower
 N - a +0 pair of gloves (worn)
Jewellery
 a - a ring of protection from cold
 b - a ring of protection from fire (right hand)
 i - a +6 ring of strength
 t - a +6 ring of dexterity (left hand)
 L - a ring of fire
Talismans
 j - a serpent talisman
 B - a flux talisman
 F - a blade talisman
Wands
 q - a wand of charming (8)
 u - a wand of flame (1)
Scrolls
 e - a scroll of fear
 f - 5 scrolls of teleportation
 o - 2 scrolls of fog
 v - a scroll of torment
 x - a scroll of amnesia {unknown}
 y - a scroll of noise
 A - 3 scrolls of enchant weapon
 P - 2 scrolls of identify
Potions
 c - 2 potions of resistance {unknown}
 d - 4 potions of ambrosia {unknown}
 g - 4 potions of attraction {unknown}
 m - a potion of invisibility
 n - 6 potions of curing
 p - 2 potions of magic
 w - a potion of berserk rage {unknown}
 z - a potion of haste
 S - a potion of lignification {unknown}


   Skills:
 + Level 9.3 Fighting
 + Level 4.7 Long Blades
 + Level 11.6 Maces & Flails
 + Level 5.7 Polearms
 + Level 7.9 Armour
 + Level 8.3 Dodging
 + Level 2.4 Stealth
 + Level 4.0 Shields


You had 10 spell levels left.
You didn't know any spells.
Your spell library was empty.

Dungeon Overview and Level Annotations

Branches:
Dungeon (9/15)             Temple (0/1) D:7         Ossuary (visited)
   Lair: D:8-11         Orc: D:9-12

Altars:
Ashenzari
Cheibriados
Makhleb
Okawaru
Trog
Uskayaw
Vehumet
Wu Jian
Xom

Shops:
D:3 :   D:5 *


Innate Abilities, Weirdness & Mutations

You have a pair of horns on your head.
You reflexively headbutt those who attack you in melee.
You are partially covered in large bone plates. (SH +4)
Your mind is acute. (Int +4, Str/Dex -1)


Message History

The centaur warrior wields a +0 orcbow of flaming.
It bursts into flame!
The centaur warrior shoots an arrow.
The arrow hits you! The arrow burns you.
* * * LOW HITPOINT WARNING * * *
The centaur hits you.
* * * LOW HITPOINT WARNING * * *
The centaur barely misses you.
The centaur shoots an arrow.
The arrow hits you.
* * * LOW HITPOINT WARNING * * *
As you read the scroll of fog, it dissolves into smoke.
The centaur closely misses you.
The centaur kicks you but does no damage.
The centaur shoots an arrow.
The arrow misses you. The centaur closely misses you. You furiously retaliate!
You headbutt the centaur!
The centaur kicks you but does no damage.
The centaur warrior unwields a +0 orcbow of flaming.
It stops flaming.
The centaur warrior hits you but does no damage.
You block the centaur warrior's attack.
The centaur wields a +0 orcbow.
The centaur shoots an arrow.
The arrow hits you but does no damage.
The centaur shoots an arrow.
The arrow hits you.
* * * LOW HITPOINT WARNING * * *
The centaur warrior wields a +0 orcbow of flaming.
It bursts into flame!
The centaur warrior shoots an arrow.
The arrow hits you.
* * * LOW HITPOINT WARNING * * *
The arrow burns you.
* * * LOW HITPOINT WARNING * * *
There is an open door here.
The centaur shoots an arrow.
You block the arrow.
Okay, then.
Your ogre goes berserk!
Trog will no longer gift you weapons.
The centaur unwields a +0 shortbow.
The centaur barely misses you. You furiously retaliate!
You headbutt the centaur! The centaur barely misses you.
The centaur warrior shoots an arrow.
The arrow hits you!
* * * LOW HITPOINT WARNING * * *
You feel much better.
The centaur warrior shoots an arrow.
The arrow hits you!!
You die...

############ ##
#..........# #.
#......§§..# .# #.
#....O§.§..# ..+ #.
#.....@§§§.# ..# #.
#+###+##c#.#####..## ##
......§§c#..#......# #
.....$§§c#..#......# #
......§§c#..'......+ #
........c#..#......# #
####+##c##.##'####.####
..#..#.....# #..
#..#..#.....+ #..


You could see a centaur warrior and a friendly ogre (summoned, berserk).

Vanquished Creatures
  Erolcha (D:9)
  2 two-headed ogres (D:12)
  Pikel (D:7)
  Psyche (D:9)
  A troll (D:12)
  Prince Ribbit (D:5)
  Grinder (D:5)
  A wyvern (D:8)
  2 steam dragons (D:8)
  Menkaure (D:4)
  2 acid dragons (D:12)
  2 water moccasins
  Duvessa (D:5)
  An orc warrior (D:6)
  A black bear (D:7)
  Pargi (D:3)
  3 ice beasts
  4 ogres
  The ghost of osoart the Ruffian, an amateur MiSh of Hepliaklqana (D:3)
  A lemure (D:7)
  A centaur (D:8)
  Blork the orc (D:4)
  6 bullfrogs
  A gnoll sergeant (D:7)
  3 scorpions
  6 wights (D:9)
  Dowan (D:5)
  9 killer bees (D:9)
  5 howler monkeys
  A crimson imp (D:3)
  5 hounds
  3 jellies
  2 gnoll boudas (D:8)
  5 orc priests
  Crazy Yiuf (D:5)
  Jessica (D:2)
  An iguana (D:5)
  7 orc wizards
  8 mummies (Ossuary)
  Robin (D:3)
  18 gnolls
  6 adders
  A shadow imp (D:4)
  A white imp (D:6)
  3 ufetubi
  3 worms (D:2)
  4 dart slugs
  22 orcs
  12 ball pythons
  8 bats
  10 endoplasms
  4 giant cockroaches
  7 hobgoblins
  6 quokkas
  2 frilled lizards
  A gnoll zombie (Ossuary)
  11 goblins
  3 hobgoblin zombies (Ossuary)
  7 kobolds
  4 kobold zombies (Ossuary)
  6 rats
236 creatures vanquished.

Notes
Turn   | Place    | Note
-------+----------+-------------------------------------------
     0 | D:1      | Valiant the Minotaur Berserker began the quest for the Orb.
     0 | D:1      | Reached XP level 1. HP: 19/19 MP: 0/0
   231 | D:1      | Reached XP level 2. HP: 27/27 MP: 1/1
   921 | D:2      | Reached XP level 3. HP: 32/33 MP: 2/2
   965 | D:2      | Noticed Jessica
   969 | D:2      | Killed Jessica
  1090 | D:2      | Reached ** piety under Trog
  1117 | D:2      | Reached XP level 4. HP: 5/40 MP: 3/3
  1361 | D:2      | Reached skill level 1 in Polearms
  1770 | D:3      | Found a faded altar of an unknown god.
  1864 | D:3      | Found Finnucipt's Vocational Training.
  1894 | D:3      | Noticed Pargi
  1908 | D:3      | Killed Pargi
  1909 | D:3      | Reached XP level 5. HP: 35/47 MP: 4/4
  2008 | D:3      | Found a transporter.
  2054 | D:3      | Noticed osoart's ghost (amateur MiSh)
  2057 | D:3      | Identified the +7 dire flail "Reiv" {heavy, rElec Str+2
                  | Dex-5}
  2057 | D:3      | Noticed an ogre
  2058 | D:3      | Noticed an ogre
  2061 | D:3      | Found a transporter.
  2083 | D:3      | Killed an ogre
  2084 | D:3      | Reached XP level 6. HP: 55/55 MP: 5/5
  2087 | D:3      | Reached skill level 5 in Fighting
  2095 | D:3      | Killed osoart's ghost
  2165 | D:3      | Noticed Robin
  2170 | D:3      | Killed Robin
  2243 | D:3      | Reached *** piety under Trog
  2244 | D:3      | Reached skill level 1 in Maces & Flails
  2279 | D:3      | Found a radiant altar of Vehumet.
  2280 | D:3      | Found a burning altar of Makhleb.
  2283 | D:3      | Reached XP level 7. HP: 60/61 MP: 6/6
  2497 | D:4      | Noticed Menkaure
  2498 | D:4      | Noticed Blork the orc
  2506 | D:4      | Killed Menkaure
  2507 | D:4      | Reached skill level 2 in Maces & Flails
  2507 | D:4      | Reached skill level 5 in Armour
  2511 | D:4      | Killed Blork the orc
  2512 | D:4      | Reached skill level 3 in Maces & Flails
  2692 | D:4      | Found a bloodstained altar of Trog.
  2891 | D:4      | Reached skill level 1 in Stealth
  3105 | D:4      | Gained mutation: Your mind is acute. (Int +4, Str/Dex -1)
                  | [potion of mutation]
  3105 | D:4      | Gained mutation: You are partially covered in large bone
                  | plates. (SH +4) [potion of mutation]
  3144 | D:5      | Entered Level 5 of the Dungeon
  3160 | D:5      | Reached skill level 4 in Maces & Flails
  3213 | D:5      | Noticed Duvessa
  3213 | D:5      | Noticed Dowan
  3214 | D:5      | Killed Dowan
  3219 | D:5      | Killed Duvessa
  3220 | D:5      | Reached XP level 8. HP: 24/70 MP: 7/7
  3327 | D:5      | Found a sand-covered staircase.
  3337 | Ossuary  | Entered an ossuary
  3409 | Ossuary  | Reached skill level 5 in Maces & Flails
  3616 | D:5      | Noticed Prince Ribbit
  3628 | D:5      | Killed Prince Ribbit
  3629 | D:5      | Reached skill level 6 in Maces & Flails
  3629 | D:5      | Reached skill level 1 in Shields
  3736 | D:5      | Noticed Grinder
  3739 | D:5      | Killed Grinder
  3740 | D:5      | Reached skill level 7 in Maces & Flails
  3740 | D:5      | Reached skill level 5 in Dodging
  3784 | D:5      | Reached **** piety under Trog
  4183 | D:5      | Reached XP level 9. HP: 79/79 MP: 8/8
  4342 | D:5      | Found Emomiy's Serpentskin Sales.
  4503 | D:5      | Found a runed translucent door.
  4504 | D:5      | Noticed Crazy Yiuf
  4510 | D:5      | Killed Crazy Yiuf
  4803 | D:6      | Reached skill level 8 in Maces & Flails
  5579 | D:7      | Found a staircase to the Ecumenical Temple.
  5877 | D:7      | Noticed Pikel
  5897 | D:7      | Killed Pikel
  5898 | D:7      | Reached skill level 9 in Maces & Flails
  6300 | D:7      | Found an ornate altar of the Wu Jian Council.
  6680 | D:8      | Reached skill level 10 in Maces & Flails
  6811 | D:8      | Reached XP level 10. HP: 62/88 MP: 9/9
  6931 | D:8      | Found a shimmering altar of Xom.
  6938 | D:8      | Reached skill level 5 in Polearms
  6972 | D:8      | Found an iron altar of Okawaru.
  7071 | D:8      | Found a snail-covered altar of Cheibriados.
  7397 | D:9      | Found a broken altar of Ashenzari.
  7416 | D:9      | Reached ***** piety under Trog
  7490 | D:9      | HP: 2/135 [wight/+3 battleaxe (15)]
  7559 | D:9      | Noticed Psyche
  7593 | D:9      | Killed Psyche
  7680 | D:9      | Found a hide-covered altar of Uskayaw.
  7683 | D:9      | Noticed Erolcha
  7692 | D:9      | Killed Erolcha
  7693 | D:9      | Reached skill level 11 in Maces & Flails
  7792 | D:9      | You fall into a shaft and drop 3 floors!
  7999 | D:12     | Noticed a two-headed ogre
  8005 | D:12     | Killed a two-headed ogre
  8083 | D:12     | Noticed a two-headed ogre
  8088 | D:12     | Killed a two-headed ogre
  8088 | D:12     | Received a gift from Trog
  8088 | D:12     | Found the +5 glaive of the Guard {elec, spectral}
  8089 | D:12     | Reached XP level 11. HP: 88/97 MP: 10/10
  8419 | D:12     | Noticed a centaur warrior
  8433 | D:12     | Shot with an arrow by a centaur warrior

Illustrated notes

Levels and vault maps discovered:
D:1:      minmay_arrival_stone_box, layout_basic, st_stairs_11,
          minmay_misc_feat_cross
D:2:      layout_rooms, serial_bayou_pond_e, uniq_jessica
D:3:      layout_rooms, grunt_temple_overflow_lords_of_destruction,
          ebering_ecumenical_altar_webs, gammafunk_ghost_smash,
          nicolae_shop_vocational, uniq_pargi, uniq_robin
D:4:      layout_cave_pools, mainiacjoe_overflow_paths, kennysheep_diamond,
          hangedman_feature_mirror, kennysheep_small_square, uniq_blork_the_orc,
          uniq_menkaure
D:5:      layout_layer_cave, lightli_ossuary_entry_decrepit_ruins,
          guppyfry_shop_venom, uniq_prince_ribbit1, uniq_duvessa, uniq_grinder,
          uniq_crazy_yiuf_cottage
D:6:      layout_basic
D:7:      layout_loops_ring, nicolae_wu_jian_glorious_leap,
          minmay_temple_entry_slanted, serial_aquarium,
          aquarium_bridge_long_joined [aquarium_subvault_window,
          aquarium_subvault_bridge, aquarium_subvault_window,
          aquarium_subvault_bridge, aquarium_subvault_wall,
          aquarium_subvault_bridge], aquarium_bridge_square
          [aquarium_subvault_bridge, aquarium_subvault_balcony,
          aquarium_subvault_bridge, aquarium_subvault_bridge],
          aquarium_window_fake, aquarium_window_fake,
          aquarium_window_corridor_3, aquarium_window_double, aquarium_view_2a,
          aquarium_pool_S, grunt_ministairs_11, uniq_pikel
D:8:      layout_cave_pools, xom_butterflies, chei_slow_surprise,
          grunt_decor_junction, david_defended_altar_orc
D:9:      layout_loops_cross, ashenzari_altar_1,
          mainiacjoe_overflow_cross_hatched, lemuel_tele_altar, uniq_erolcha,
          uniq_psyche
D:12:     layout_grid_maze

Skill      XL: |  1  2  3  4  5  6  7  8  9 10 |
---------------+-------------------------------+-----
Long Blades    | 4 |  4.7
Fighting       | 4 5 6 7 8 9 |  9.3
Polearms       | 2 3 4 5 |  5.7
Armour         | 3 4 5 6 7 |  7.9
Dodging        | 3 4 5 6 8 |  8.3
Maces & Flails | 1 4 7 10 11 | 11.6
Stealth        | 1 2 |  2.4
Shields        | 1 2 4 |  4.0

Action                     |  1- 3 |  4- 6 |  7- 9 | 10-12 || total
---------------------------+-------+-------+-------+-------++-------
  Melee: Falchion          |    29 |       |       |       ||    29
         Headbutt          |    15 |    11 |    47 |    11 ||    84
         Spear             |    69 |    69 |    29 |    15 ||   182
         Punch             |     1 |     1 |     1 |       ||     3
         Dire flail        |       |    27 |   112 |   100 ||   239
         Mace              |       |       |   116 |       ||   116
         Unarmed           |       |       |       |     1 ||     1
         Glaive            |       |       |       |     1 ||     1
 Invoke: Berserk           |       |     1 |     4 |     1 ||     6
         Trog's Hand       |       |     1 |     1 |       ||     2
         Brothers in Arms  |       |       |       |     1 ||     1
    Use: Potion            |       |     1 |     5 |     3 ||     9
         Scroll            |       |       |    13 |     1 ||    14
   Stab: Sleeping          |       |       |     1 |       ||     1
 Armour: Animal skin       |    13 |       |       |       ||    13
         Ring mail         |    24 |    41 |       |       ||    65
         Troll leather arm |       |    49 |   205 |   146 ||   400
         Skin              |       |       |       |     4 ||     4
  Dodge: Dodged            |    38 |    80 |   202 |   128 ||   448
  Block: Other             |       |       |    44 |    39 ||    83

Table legend: (Time is in decaauts)
 A = Elapsed time spent in this place.
 B = Non-inter-level travel time spent in this place.
 C = Inter-level travel time spent in this place.
 D = Time resting spent in this place.
 E = Time spent auto-exploring this place.
 F = Levels seen in this place.
 G = Mean time per level.
                   A        B        C        D        E       F      G
               +--------+--------+--------+--------+--------+-----+--------+
         Total |   8565 |   8565 |      0 |    100 |   6075 |  11 |  778.6 |
       Dungeon |   8337 |   8337 |      0 |    100 |   5979 |  10 |  833.7 |
       Ossuary |    227 |    227 |      0 |      0 |     96 |   1 |  227.0 |
               +--------+--------+--------+--------+--------+-----+--------+

Top non-repeatable levels by time:
     D:5: 1326 daAuts
     D:7: 1135 daAuts
     D:1: 916 daAuts
     D:6: 888 daAuts
     D:2: 865 daAuts
     D:4: 769 daAuts
     D:8: 736 daAuts
     D:3: 654 daAuts
    D:12: 642 daAuts
     D:9: 401 daAuts
 Ossuary: 227 daAuts
